 Dungeon Crawl Stone Soup version 0.16-a0-3807-g3748f16 (webtiles) character file.

210 TIT the Chucker (level 5, -6/30 HPs)
             Began as a Tengu Arcane Marksman on Jan 27, 2015.
             Was an Initiate of Dithmenos (penitent).
             Killed by nerve-wracking pain
             ... invoked by an orc priest
              (8 damage)
             ... on level 4 of the Dungeon.
             The game lasted 00:14:20 (4453 turns).

TIT the Chucker (Tengu Arcane Marksman)             Turns: 4453, Time: 00:14:20

Health: -6/30      AC:  3    Str: 11    XL:     5   Next: 87%
Magic:  8/9        EV: 16    Int: 14    God:    Dithmenos [*]
Gold:   130        SH:  0    Dex: 18    Spells: 2 memorised, 3 levels left

rFire  . . .     SeeInvis .     a - +1 dagger (venom)
rCold  . . .     Clarity  .     n - +0 leather armour
rNeg   . . .     SustAb   .     (no shield)
rPois  .         Gourm    .     (helmet restricted)
rElec  .         Spirit   .     (no cloak)
rCorr  .         Warding  .     (no gloves)
rMut   .         Stasis   .     (boots unavailable)
MR     +....                    (no amulet)
Stlth  +.........               m - ring of protection from magic
                                t - +4 ring of dexterity

@: flying quickly and evasively, quick, somewhat resistant to hostile
enchantments, very unstealthy
A: able to fly, beak, talons 3
a: Renounce Religion


You were on level 4 of the Dungeon.
You worshipped Dithmenos.
Dithmenos was demanding penance.
You were not hungry.

You visited 2 branches of the dungeon, and saw 5 of its levels.

You collected 130 gold pieces.

Inventory:

Hand weapons
 a - a +1 dagger of venom (weapon)
 e - a +1 spear
 l - a +0 club
 p - a +0 dagger
 w - a +0 long sword
Missiles
 b - 5 javelins
 c - 2 throwing nets
 i - 8 curare-tipped needles
 y - 10 poisoned needles
 B - 89 stones (quivered)
Armour
 n - a +0 leather armour (worn)
 r - a +0 robe
 G - a +0 chain mail
Jewellery
 m - a ring of protection from magic (right hand)
 t - a +4 ring of dexterity (left hand)
Magical devices
 C - a wand of fire (4)
Scrolls
 j - a scroll of amnesia {unknown}
 k - a scroll of fog {unknown}
 q - a scroll of noise {unknown}
 s - a scroll of immolation
 v - 4 scrolls of enchant weapon
 x - 2 scrolls of teleportation {unknown}
 A - a scroll of remove curse
 D - a scroll of identify {unknown}
Potions
 g - a potion of magic {unknown}
 h - a potion of haste
 o - 4 potions of cancellation
 u - 2 potions of curing
 z - 2 potions of restore abilities {unknown}
 E - a potion of mutation {unknown}
 H - a potion of lignification {unknown}
Books
 d - a book of Debilitation

   Spells                             Type                      Level
   a - Corona                         Hexes                        1
   b - Slow                           Hexes                        2
   c - Inner Flame                    Hexes/Fire                   3
   d - Enslavement                    Hexes                        4
   e - Cause Fear                     Hexes                        4
   f - Leda's Liquefaction            Hexes/Earth                  4
Comestibles
 f - 2 bread rations


   Skills:
 - Level 2.0 Fighting
 + Level 5.4 Throwing
 + Level 3.5 Dodging
 - Level 1.0 Spellcasting
 - Level 2.1 Hexes


You had 3 spell levels left.
You knew the following spells:

 Your Spells              Type           Power        Failure   Level  Hunger
a - Corona                Hex            #......      17%         1    ##.....
b - Slow                  Hex            #.......     24%         2    ###....


Dungeon Overview and Level Annotations

Branches:
Dungeon (4/15)             Temple (1/1) D:4

Altars:
Dithmenos
Makhleb
Zin
The Shining One

Annotations:
D:1 runed door, todo


Innate Abilities, Weirdness & Mutations

You can fly.
You have a beak for a mouth.
You have claws for feet.


Message History

You hit the orc priest.
The orc priest looks even sicker.
You claw the orc priest, but do no damage.
You peck the orc priest, but do no damage.
The orc priest is lightly wounded.
The orc priest hits you with a mace of crushing.
You hit the orc priest but do no damage.
Your peck misses the orc priest.
The orc priest is moderately wounded.
You hit the orc priest but do no damage.
You claw the orc priest, but do no damage.
Your peck misses the orc priest.
The orc priest is severely wounded.
The orc priest invokes the aid of Beogh against you.
Something smites you!
* * * LOW HITPOINT WARNING * * *
You hit the orc priest but do no damage.
The orc priest is severely wounded.
The orc priest mumbles some strange prayers to Beogh against you.
Pain shoots through your body!
You die...

.........## #o#
....#..#.# #.#
....#..#.# #.#
.........# #o#
.###'###.# #.#
.#.....#># #.#
†#.⌠.⌠.### #)#
.'..>..'.#########.#
.#.⌠.⌠.#........@o.#
.#.....#############
.###'### .....#
.#.#.# .#.#.# ##.#.#
#.#.# ##.#.#


You could see an orc priest.

Vanquished Creatures
  2 orc priests (D:4)
  Terence (D:3)
  5 adders
  A worm (D:3)
  4 giant geckos
  5 orcs
  10 bats
  6 giant cockroaches
  5 goblins
  10 hobgoblins
  7 jackals
  A ball python (D:1)
  4 giant newts
  6 kobolds
  9 rats
76 creatures vanquished.

Notes
Turn   | Place    | Note
--------------------------------------------------------------
     0 | D:1      | TIT, the Tengu Arcane Marksman, began the quest for the Orb.
     0 | D:1      | Reached XP level 1. HP: 12/12 MP: 2/2
     1 | D:1      | Found a runed door.
   334 | D:1      | Reached skill level 3 in Throwing
   334 | D:1      | Reached XP level 2. HP: 9/16 MP: 2/4
  1107 | D:1      | Reached XP level 3. HP: 13/20 MP: 3/5
  1832 | D:2      | Noticed Terence
  1930 | D:2      | Reached skill level 4 in Throwing
  2165 | D:2      | Learned a level 2 spell: Slow
  2213 | D:2      | Reached XP level 4. HP: 26/26 MP: 2/6
  3817 | D:3      | Killed Terence
  3817 | D:3      | Reached XP level 5. HP: 11/30 MP: 3/9
  4248 | D:4      | Found a staircase to the Ecumenical Temple.
  4254 | Temple   | Entered the Ecumenical Temple
  4264 | Temple   | Became a worshipper of Dithmenos the Shadowed
  4433 | D:4      | Was placed under penance by Dithmenos
  4433 | D:4      | Reached skill level 5 in Throwing
  4452 | D:4      | HP: 1/30 [orc priest/divine providence (14)]
  4453 | D:4      | Killed from afar by an orc priest

Action                   |  1- 3 |  4- 6 || total
-------------------------+-------+-------++-------
Melee: Unarmed           |    11 |       ||    11
       Club              |    31 |       ||    31
       Spear             |    80 |    34 ||   114
       Dagger            |       |    68 ||    68
Throw: Javelin           |    11 |     6 ||    17
       Stone             |    18 |       ||    18
       Throwing net      |       |     1 ||     1
 Cast: Corona            |    43 |    22 ||    65
       Slow              |       |     1 ||     1
 Abil: Fly               |       |     2 ||     2
Evoke: Wand              |       |     1 ||     1
  Use: Potion            |     2 |       ||     2
       Scroll            |     1 |     2 ||     3
 Stab: Held in net/web   |       |     1 ||     1
  Eat: Chunk             |     6 |     8 ||    14
